 Dungeon Crawl Stone Soup version 0.31-a0-102-g33a4ccc0cb (webtiles) character file.

Game seed: 6552054414433157043

186 PriceMaster the Insei (level 5, -1/33 HPs)
             Began as an Octopode Transmuter on May 26, 2023.
             Was a Plaything of Xom.
             Killed from afar by Natasha (8 damage)
             ... with a magic dart
             ... on level 4 of the Dungeon.
             The game lasted 00:07:33 (3903 turns).

PriceMaster the Insei (Octopode Transmuter)         Turns: 3903, Time: 00:07:34

Health: -1/33      AC:  1    Str:  8 (9)  XL:     5   Next: 65%
Magic:  10/10      EV: 28    Int: 16      God:    Xom [..*...]
Gold:   132        SH:  0    Dex: 12 (14) Spells: 7/10 levels left

rFire   . . .        a - +1 flail (holy)
rCold   . . .        (no shield)
rNeg    + . .        (helmet restricted)
rPois   .            i - amulet of the acrobat
rElec   .            f - ring of positive energy
rCorr   .            (no ring)
SInv    .            (no ring)
Will    .....        (no ring)
Stlth   +++          (no ring)
HPRegen 0.25/turn    (no ring)
MPRegen 0.12/turn    (no ring)
                     (no ring)

%: acrobat
@: acrobatic
A: almost no armour, amphibious, 8 rings, camouflage 1, gelatinous body 1,
(nimble swimmer 1), tentacles
a: Renounce Religion


You were on level 4 of the Dungeon.
You worshipped Xom.
You were a toy of Xom.
You visited 1 branch of the dungeon, and saw 4 of its levels.

You collected 132 gold pieces.

Inventory:

Hand Weapons
 a - a +1 flail of holy wrath (weapon)
 b - a +0 short sword
 e - a +0 dagger of venom
Jewellery
 f - a ring of positive energy (left tentacle)
 i - an amulet of the acrobat (around mantle)
Scrolls
 c - a scroll of teleportation {unknown}
 g - a scroll of enchant armour
 h - a scroll of amnesia {unknown}
 m - a scroll of fog {unknown}
Potions
 k - a potion of degeneration
 l - a potion of attraction


   Skills:
 + Level 1.1 Fighting
 + Level 1.3 Short Blades
 + Level 0.1 Maces & Flails
 + Level 2.3 Dodging
 + Level 1.4 Stealth
 + Level 3.5 Unarmed Combat
 + Level 3.4 Spellcasting
 + Level 3.3 Transmutations


You had 7 spell levels left.
You knew the following spells:

 Your Spells              Type           Power      Damage    Failure   Level
a - Beastly Appendage     Tmut           26%        N/A       4%          1
b - Wereblood             Tmut           13%        N/A       7%          2

Your spell library contained the following spells:

 Spells                   Type           Power      Damage    Failure   Level
 Passwall                 Tmut/Erth      5%         N/A       16%         2
 Ensorcelled Hibernation  Hex/Ice        2%         N/A       32%         2
 Spider Form              Tmut/Pois      6%         N/A       32%         3
 Call Canine Familiar     Summ           2%         N/A       47%         3
 Swiftness                Air            2%         N/A       47%         3
 Portal Projectile        Hex/Tloc       2%         N/A       54%         3
 Ice Form                 Ice/Tmut       6%         N/A       71%         4
 Anguish                  Hex/Necr       0%         N/A       91%         4
 Leda's Liquefaction      Hex/Erth       0%         N/A       91%         4


Dungeon Overview and Level Annotations

Branches:
Dungeon (4/15)
 Temple: D:4-7

Altars:
Xom

Annotations:
D:4 Natasha


Innate Abilities, Weirdness & Mutations

You cannot wear most types of armour.
You are amphibious.
You can wear up to eight rings at the same time.
Your skin changes colour to match your surroundings (Stealth+).
Your rubbery body absorbs attacks. (AC +1, EV +1)
((You are camouflaged when in or above water. (Stealth+)))
You have tentacles for arms and can constrict up to eight enemies at once.


Message History

You do an impromptu tapdance.
The cerulean imp closely misses you.
You closely miss the cerulean imp. You grab the cerulean imp.
You pierce the cerulean imp.
You tentacle-slap the cerulean imp, but do no damage.
The cerulean imp is severely wounded.
You constrict the cerulean imp.
The cerulean imp hits you with a +0 spear.
Natasha mumbles some strange words.
The cerulean imp misses you.
You hit the cerulean imp but do no damage.
The cerulean imp is severely wounded.
Your transformation is almost over.
You constrict the cerulean imp. The cerulean imp closely misses you.
Natasha mewls in sadness.
You hit the cerulean imp.
You kill the cerulean imp!
The cerulean imp disappears in a puff of smoke!
Xom smiles on you.
You feel much better.
Natasha zaps a wand.
The puff of flame hits you! Natasha casts a spell at you.
The magic dart hits you!
Okay, then.
Hit: a) +1 flail (holy)
Press: ? - help, Dir - move target, f - you
Okay, then.
You aren't carrying any items that you can evoke.
Your primal bloodlust is almost over.
Blink to where?
Press: ? - help, Dir - move target
As you read the scroll of blinking, it crumbles to dust.
Found a scroll of fear.
An adder comes into view.
Your primal bloodlust has ended.
Your tentacle spike disappears.
Natasha zaps a wand.
The puff of flame hits you.
Natasha zaps a wand.
The puff of flame hits you.
* * * LOW HITPOINT WARNING * * *
Natasha casts a spell at you. The magic dart hits you!
You die...

!....###5# ##.###
......#.5## #..h.#
..........###....#######
........#....$.........#
..##...######..........#
..$.#...## #..........#
.........# ##?........#
..........# #S..#######
...........# #.#@#
...............#..#
............#####..#
#.........#..# #.#
#..######....# .. ..#
###.# #.# ### .# # .# #


You could see Natasha and an adder (asleep).

Vanquished Creatures
  An orc priest (D:3)
  An orc wizard (D:3)
  2 gnolls
  4 adders
  2 worms
  A dart slug (D:1)
  2 orcs (D:3)
  5 ball pythons
  6 endoplasms
  2 giant cockroaches
  6 hobgoblins
  3 jackals (D:1)
  4 quokkas
  A bat (D:2)
  4 frilled lizards
  11 goblins
  4 kobolds
  5 rats
64 creatures vanquished.

Notes
Turn   | Place    | Note
-------+----------+-------------------------------------------
     0 | D:1      | PriceMaster the Octopode Transmuter began the quest for the
                  | Orb.
     0 | D:1      | Reached XP level 1. HP: 13/13 MP: 3/3
    58 | D:1      | Reached XP level 2. HP: 7/18 MP: 3/5
   359 | D:1      | Reached XP level 3. HP: 23/23 MP: 4/6
   514 | D:1      | Learned a level 2 spell: Wereblood
   804 | D:1      | Found a faded altar of an unknown god.
  1470 | D:2      | Reached XP level 4. HP: 20/28 MP: 3/8
  1783 | D:2      | Reached skill level 1 in Stealth
  2612 | D:3      | Reached skill level 1 in Short Blades
  2612 | D:3      | Reached XP level 5. HP: 33/33 MP: 9/9
  3346 | D:4      | Noticed a phantom
  3382 | D:4      | Found a shimmering altar of Xom.
  3723 | D:4      | Became a worshipper of Xom of Chaos
  3786 | D:4      | Noticed Natasha
  3885 | D:4      | XOM: silly message
  3888 | D:4      | XOM: silly message
  3891 | D:4      | XOM: potion effect (heal wounds)
  3903 | D:4      | Killed from afar by Natasha

Illustrated notes

Levels and vault maps discovered:
D:1:      tarquinn_simple_flora_water_c, layout_basic,
          dilly_ecumenical_altar_fadedgnrine
D:2:      layout_basic, minmay_diced_spiral
D:3:      layout_basic
D:4:      layout_rooms, xom_teletrap_fun, dk_vineyard_1, uniq_natasha

Skill      XL: |  1  2  3  4 |
---------------+-------------+-----
Stealth        | 1 |  1.4
Short Blades   | 1 |  1.3
Spellcasting   | 3 |  3.4
Transmutations | 3 |  3.3
Fighting       | |  1.1
Maces & Flails | |  0.1
Dodging        | |  2.3
Unarmed Combat | |  3.5

Action                     |  1- 3 |  4- 6 || total
---------------------------+-------+-------++-------
  Melee: Unarmed           |     6 |       ||     6
         Tentacles         |    12 |    11 ||    23
         Constrict         |    14 |    19 ||    33
         Kick              |    21 |    17 ||    38
         Short sword       |    61 |    12 ||    73
         Punch             |     2 |     1 ||     3
         Dagger            |       |    50 ||    50
         Flail             |       |    29 ||    29
   Cast: Beastly Appendage |    24 |    24 ||    48
         Wereblood         |    12 |    19 ||    31
    Use: Potion            |       |     7 ||     7
         Scroll            |       |     6 ||     6
   Stab: Sleeping          |     1 |     3 ||     4
 Armour: Skin              |     3 |    40 ||    43
  Dodge: Dodged            |    32 |    38 ||    70

Table legend: (Time is in decaauts)
 A = Elapsed time spent in this place.
 B = Non-inter-level travel time spent in this place.
 C = Inter-level travel time spent in this place.
 D = Time resting spent in this place.
 E = Time spent auto-exploring this place.
 F = Levels seen in this place.
 G = Mean time per level.
                   A        B        C        D        E       F      G
               +--------+--------+--------+--------+--------+-----+--------+
         Total |   3907 |   3823 |     84 |    455 |   2801 |   4 |  976.8 |
       Dungeon |   3907 |   3823 |     84 |    455 |   2801 |   4 |  976.8 |
               +--------+--------+--------+--------+--------+-----+--------+

Top non-repeatable levels by time:
     D:3: 1249 daAuts
     D:1: 1054 daAuts
     D:2: 1032 daAuts
     D:4: 571 daAuts
